cohdb
Replays
Latest Replays
All Replays
Popular Replays
Top Player Replays
Match Explorer
How It Works
Community
CoH3 Stats
Reddit
Sign in to upload your games and track your stats! →
Sign in with Steam
Match 41878549
Unlisted
Match 41878549
Overview
Messages
Build Orders
End
Construct Barracks
Engineer Squad
Riflemen Squad
M1 Mortar Team
Riflemen Squad
Selects Advanced Infantry Battlegroup
Selects Advanced Infantry Battlegroup
Selects Convert to Ranger Squad
Ranger Squad
Convert to Ranger Squad
Ranger Squad
Selects Ammunition Storage
Selects M2A1 105mm Howitzer Emplacement
Selects Frontline Medical Station
Frontline Medical Station
Convert to Ranger Squad
Construct Weapon Support Center
Improved M9 Bazooka Rockets
Erkki Metsola
Santiago Arnavisca
SneaKerz
gb_gbg
Steel
KypSer
Mastermarius
BARRAСUDA
0
0
Comments
sign in to comment!
No comments posted yet!